| TOP OF THE 1ST |
|
Portland Beavers batting - Pitching for Phoenix Giants : LHP Robert Blake
|
|
Pitching: LHP Robert Blake
|
|
|
Batting: LHB Andre David
|
0-0: Called Strike 0-1: Ball 1-1: Ground out U3 (Groundball, 3, EV 78.1 MPH)
|
|
Batting: LHB Mike Gates
|
0-0: Fly out, F9 (Flyball, 9S, EV 81.3 MPH)
|
|
Batting: RHB Glenn Davis
|
0-0: Swinging Strike 0-1: Ball 1-1: Called Strike 1-2: Ball 2-2: Strikes out swinging
|
| Top of the 1st over - 0 runs, 0 hits, 0 errors, 0 left on base; Portland 0 - Phoenix 0 |
| BOTTOM OF THE 1ST |
|
Phoenix Giants batting - Pitching for Portland Beavers : RHP Roy Smith
|
|
Pitching: RHP Roy Smith
|
|
|
Batting: LHB Raymond Rivas
|
0-0: Foul Ball, location: 2F 0-1: Ball 1-1: Foul Ball, location: 2F 1-2: Foul Ball, location: 2F 1-2: Fly out, F9 (Flyball, 9S, EV 83.1 MPH)
|
|
Batting: LHB Bobby V Mitchell
|
0-0: Ball 1-0: Called Strike 1-1: Ball 2-1: Foul Ball, location: 2F 2-2: Fly out, F7 (Flyball, 78M, EV 84.4 MPH)
|
|
Batting: LHB Ernie Riles
|
0-0: SINGLE (Groundball, 4MD, EV 108.1 MPH)
|
|
Batting: SHB John Macauley
|
0-0: Ball 1-0: Ball 2-0: Ball 3-0: Base on Balls Ernie Riles to second
|
|
Batting: RHB Paul Zuvella
|
0-0: Ball 1-0: Called Strike 1-1: Foul Ball, location: 2F 1-2: Ball 2-2: Ball 3-2: Ground out 5-3 (Groundball, 56, EV 80.0 MPH)
|
| Bottom of the 1st over - 0 runs, 1 hit, 0 errors, 2 left on base; Portland 0 - Phoenix 0 |
| TOP OF THE 2ND |
|
Portland Beavers batting - Pitching for Phoenix Giants : LHP Robert Blake
|
|
Batting: LHB Harold Baines
|
0-0: Ground out 4-3 (Groundball, 4, EV 105.6 MPH)
|
|
Batting: RHB Martinho Varandas
|
0-0: Called Strike 0-1: Ball 1-1: Ball 2-1: Ball 3-1: Foul Ball, location: 2F 3-2: SOLO HOME RUN (Line Drive, 7LD, EV 107.5 MPH), Distance : 364 ft
|
|
Batting: RHB Skeeter Barnes
|
0-0: Ball 1-0: DOUBLE (Flyball, 8LXD, EV 98.8 MPH)
|
|
Batting: RHB Pepe Mangual
|
0-0: Called Strike 0-1: Foul Ball, location: 2F 0-2: Strikes out swinging
|
|
Batting: RHB Kevin Buckley
|
0-0: Called Strike 0-1: SINGLE (Groundball, 6MD, EV 101.3 MPH) Skeeter Barnes to third Runner from 3rd tries for Home, SAFE, throw by CF to home Kevin Buckley to second
|
|
Batting: RHB Fred Manrique
|
0-0: Ball 1-0: Fly out, F4 (Popup, 4S, EV 70.0 MPH)
|
| Top of the 2nd over - 2 runs, 3 hits, 0 errors, 1 left on base; Portland 2 - Phoenix 0 |
| BOTTOM OF THE 2ND |
|
Phoenix Giants batting - Pitching for Portland Beavers : RHP Roy Smith
|
|
Batting: LHB Joseph Bruno
|
0-0: Foul Ball, location: 2F 0-1: SINGLE (Groundball, 4MD, EV 101.9 MPH)
|
|
Batting: RHB Adam Veldman
|
0-0: Foul Ball, location: 2F 0-1: Ball 1-1: Foul Ball, location: 2F 1-2: Foul Ball, location: 2F 1-2: Fly out, F7 (Flyball, 7LM, EV 96.9 MPH)
|
|
Batting: SHB Razor Shines
|
0-0: Ball 1-0: Swinging Strike 1-1: Foul Ball, location: 2F 1-2: Strikes out swinging
|
|
Batting: LHB Glenn Arnett
|
0-0: Ball 1-0: Called Strike 1-1: Called Strike 1-2: Ball 2-2: Foul Ball, location: 2F 2-2: Strikes out looking
|
| Bottom of the 2nd over - 0 runs, 1 hit, 0 errors, 1 left on base; Portland 2 - Phoenix 0 |
| TOP OF THE 3RD |
|
Portland Beavers batting - Pitching for Phoenix Giants : LHP Robert Blake
|
|
Batting: LHB Andre David
|
0-0: Bunt missed! 0-1: Foul Ball, location: 2F 0-2: Ball 1-2: Ball 2-2: Ball 3-2: SINGLE (Groundball, 6MD, EV 109.4 MPH)
|
|
Batting: LHB Mike Gates
|
0-0: Ball 1-0: Fly out, F7 (Flyball, 78S, EV 81.3 MPH)
|
|
Batting: RHB Glenn Davis
|
0-0: Ball 1-0: Called Strike 1-1: SINGLE (Line Drive, 89M, EV 103.8 MPH) Andre David to second
|
|
Batting: LHB Harold Baines
|
0-0: Foul Ball, location: 2F 0-1: Ball 1-1: Ball 2-1: Foul Ball, location: 2F 2-2: Ball 3-2: Foul Ball, location: 2F 3-2: Base on Balls Andre David to third Glenn Davis to second
|
|
Batting: RHB Martinho Varandas
|
0-0: Called Strike 0-1: Called Strike 0-2: Ball 1-2: Ball 2-2: Ball Passed Ball! Andre David scores Glenn Davis to third Harold Baines to second 3-2: Base on Balls
|
|
Batting: RHB Skeeter Barnes
|
0-0: SINGLE (Line Drive, 9S, EV 100.0 MPH) Glenn Davis scores Harold Baines to third Martinho Varandas to second
|
|
Batting: RHB Pepe Mangual
|
0-0: Ball 1-0: Fly out, F8 (Line Drive, 8RD, EV 91.9 MPH)
|
|
Batting: RHB Kevin Buckley
|
0-0: Called Strike 0-1: Foul Ball, location: 2F 0-2: Strikes out swinging
|
| Top of the 3rd over - 2 runs, 3 hits, 0 errors, 3 left on base; Portland 4 - Phoenix 0 |
| BOTTOM OF THE 3RD |
|
Phoenix Giants batting - Pitching for Portland Beavers : RHP Roy Smith
|
|
Batting: LHB Raymond Rivas
|
0-0: Ball 1-0: Foul Ball, location: 2F 1-1: Swinging Strike 1-2: SINGLE (Groundball, 6S, EV 71.9 MPH) (infield hit)
|
|
Batting: LHB Bobby V Mitchell
|
0-0: Fly out, F7 (Flyball, 78M, EV 91.9 MPH)
|
|
Batting: LHB Ernie Riles
|
0-0: Called Strike 0-1: Ball 1-1: Ball 2-1: Foul Ball, location: 2F 2-2: Ball 3-2: Foul Ball, location: 2F 3-2: Strikes out swinging
|
|
Batting: SHB John Macauley
|
0-0: Called Strike 0-1: Swinging Strike 0-2: Strikes out looking
|
| Bottom of the 3rd over - 0 runs, 1 hit, 0 errors, 1 left on base; Portland 4 - Phoenix 0 |
| TOP OF THE 4TH |
|
Portland Beavers batting - Pitching for Phoenix Giants : LHP Robert Blake
|
|
Batting: RHB Fred Manrique
|
0-0: Swinging Strike 0-1: Swinging Strike 0-2: Strikes out swinging
|
|
Batting: LHB Andre David
|
0-0: Swinging Strike 0-1: Ball 1-1: Ball 2-1: Foul Ball, location: 2F 2-2: Ball 3-2: Ground out 2-3 (Groundball, 13S, EV 70.6 MPH)
|
|
Batting: LHB Mike Gates
|
0-0: Ball 1-0: Ball 2-0: Called Strike 2-1: Foul Ball, location: 2F 2-2: Foul Ball, location: 2F 2-2: SINGLE (Line Drive, 9LS, EV 102.5 MPH)
|
|
Batting: RHB Glenn Davis
|
0-0: Ball 1-0: Foul Ball, location: 2F 1-1: Swinging Strike 1-2: Ball 2-2: Ball Pickoff Throw to First - Error! E1 Mike Gates to second 3-2: Ground out 6-3 (Groundball, 6, EV 110.0 MPH)
|
| Top of the 4th over - 0 runs, 1 hit, 1 error, 1 left on base; Portland 4 - Phoenix 0 |
| BOTTOM OF THE 4TH |
|
Phoenix Giants batting - Pitching for Portland Beavers : RHP Roy Smith
|
|
Batting: RHB Paul Zuvella
|
0-0: Called Strike 0-1: Ball 1-1: Ball 2-1: Fly out, F7 (Flyball, 7S, EV 96.3 MPH)
|
|
Batting: LHB Joseph Bruno
|
0-0: Swinging Strike 0-1: Ball 1-1: Foul Ball, location: 2F 1-2: Ball 2-2: Fly out, F8 (Line Drive, 8RD, EV 101.3 MPH)
|
|
Batting: RHB Adam Veldman
|
0-0: Ball 1-0: Ball 2-0: Called Strike 2-1: Ball 3-1: Called Strike 3-2: Foul Ball, location: 2F 3-2: Base on Balls
|
|
Batting: SHB Razor Shines
|
0-0: Ball 1-0: SINGLE (Flyball, 78S, EV 94.4 MPH) Adam Veldman to second
|
|
Batting: LHB Glenn Arnett
|
0-0: Fielders Choice at 2nd, 6-4 (Groundball, 6, EV 92.5 MPH)
|
| Bottom of the 4th over - 0 runs, 1 hit, 0 errors, 2 left on base; Portland 4 - Phoenix 0 |
| TOP OF THE 5TH |
|
Portland Beavers batting - Pitching for Phoenix Giants : LHP Robert Blake
|
|
Batting: LHB Harold Baines
|
0-0: Foul Ball, location: 2F 0-1: Fly out, F9 (Flyball, 89D, EV 96.9 MPH)
|
|
Batting: RHB Martinho Varandas
|
0-0: Called Strike 0-1: Ball 1-1: Foul Ball, location: 2F 1-2: Ball 2-2: Ball 3-2: Base on Balls
|
|
Batting: RHB Skeeter Barnes
|
0-0: Called Strike 0-1: Ball 1-1: SINGLE (Flyball, 7S, EV 90.6 MPH) Martinho Varandas to second
|
|
Batting: RHB Pepe Mangual
|
0-0: Foul Ball, location: 2F 0-1: Ball 1-1: Ball 2-1: Ball 3-1: Swinging Strike 3-2: SINGLE (Line Drive, 8LS, EV 105.6 MPH) Martinho Varandas to third Skeeter Barnes to second
|
|
Batting: RHB Kevin Buckley
|
0-0: Ball 1-0: Ball 2-0: Swinging Strike 2-1: Fly out, F7 (Flyball, 7S, EV 84.4 MPH)
|
|
Batting: RHB Fred Manrique
|
0-0: Ground out 5-3 (Groundball, 56S, EV 76.9 MPH)
|
| Top of the 5th over - 0 runs, 2 hits, 0 errors, 3 left on base; Portland 4 - Phoenix 0 |
| BOTTOM OF THE 5TH |
|
Phoenix Giants batting - Pitching for Portland Beavers : RHP Roy Smith
|
|
Batting: LHB Raymond Rivas
|
0-0: Ball 1-0: Foul Ball, location: 2F 1-1: Ball 2-1: Ball 3-1: Ground out 4-3 (Groundball, 4, EV 101.3 MPH)
|
|
Batting: LHB Bobby V Mitchell
|
0-0: Ball 1-0: Ball 2-0: Reached on error, E4 (Groundball, 4, EV 101.3 MPH)
|
|
Batting: LHB Ernie Riles
|
0-0: Ball 1-0: Called Strike 1-1: Foul Ball, location: 2F 1-2: Strikes out swinging
|
|
Batting: SHB John Macauley
|
0-0: Ball Bobby V Mitchell steals 2nd base (no throw) 1-0: Fly out, F9 (Flyball, 9LD, EV 106.3 MPH)
|
| Bottom of the 5th over - 0 runs, 0 hits, 1 error, 1 left on base; Portland 4 - Phoenix 0 |
| TOP OF THE 6TH |
|
Portland Beavers batting - Pitching for Phoenix Giants : LHP Robert Blake
|
|
Batting: LHB Andre David
|
0-0: Ball 1-0: Foul Ball, location: 2F 1-1: SINGLE (Line Drive, 8RS, EV 93.8 MPH)
|
|
Pitching: RHP Pete Ladd
|
|
|
Batting: LHB Mike Gates
|
0-0: Bunted foul 0-1: Ball Andre David steals 2nd base 1-1: Ball 2-1: Bunt missed! 2-2: Fly out, F9 (Line Drive, 9D, EV 99.4 MPH) Runner from 2nd tags up, SAFE at 3rd, no throw by RF
|
|
Batting: RHB Glenn Davis
|
0-0: Intentional Walk
|
|
Batting: LHB Harold Baines
|
0-0: Ball Wild Pitch! Andre David scores Glenn Davis to second 1-0: Foul Ball, location: 2F 1-1: Foul Ball, location: 2F 1-2: Strikes out swinging
|
|
Batting: RHB Martinho Varandas
|
0-0: Ball 1-0: Ball 2-0: Called Strike 2-1: Foul Ball, location: 2F 2-2: Strikes out swinging
|
| Top of the 6th over - 1 run, 1 hit, 0 errors, 1 left on base; Portland 5 - Phoenix 0 |
| BOTTOM OF THE 6TH |
|
Phoenix Giants batting - Pitching for Portland Beavers : RHP Roy Smith
|
|
Batting: RHB Paul Zuvella
|
0-0: Ball 1-0: Ball 2-0: Called Strike 2-1: Fly out, F8 (Flyball, 8LM, EV 87.5 MPH)
|
|
Batting: LHB Joseph Bruno
|
0-0: Ground out U3 (Groundball, 3L, EV 80.6 MPH)
|
|
Batting: RHB Adam Veldman
|
0-0: Called Strike 0-1: Fly out, F7 (Flyball, 78D, EV 100.0 MPH)
|
| Bottom of the 6th over - 0 runs, 0 hits, 0 errors, 0 left on base; Portland 5 - Phoenix 0 |
| TOP OF THE 7TH |
|
Portland Beavers batting - Pitching for Phoenix Giants : RHP Pete Ladd
|
|
Batting: RHB Skeeter Barnes
|
0-0: TRIPLE (Flyball, 9LD, EV 104.4 MPH)
|
|
|
|
|
Batting: RHB Pepe Mangual
|
0-0: Called Strike 0-1: Ball 1-1: Ball 2-1: Ball 3-1: Base on Balls
|
|
Batting: RHB Kevin Buckley
|
0-0: Ball 1-0: Called Strike 1-1: Swinging Strike 1-2: Ball Passed Ball! Skeeter Barnes scores Pepe Mangual to second 2-2: Ball 3-2: Strikes out swinging
|
|
Batting: RHB Fred Manrique
|
0-0: Swinging Strike 0-1: Ground out 4-3 (Groundball, 4, EV 81.9 MPH) Pepe Mangual to third
|
|
Batting: LHB Andre David
|
0-0: Foul Ball, location: 2F 0-1: Ball 1-1: Ball 2-1: Called Strike 2-2: Ball 3-2: Base on Balls
|
|
Batting: LHB Mike Gates
|
0-0: Called Strike 0-1: Ground out 4-3 (Groundball, 4, EV 80.6 MPH)
|
| Top of the 7th over - 1 run, 1 hit, 0 errors, 2 left on base; Portland 6 - Phoenix 0 |
| BOTTOM OF THE 7TH |
|
Phoenix Giants batting - Pitching for Portland Beavers : RHP Roy Smith
|
|
Batting: SHB Razor Shines
|
0-0: Ball 1-0: Called Strike 1-1: Ball 2-1: Foul Ball, location: 2F 2-2: Ball 3-2: Foul Ball, location: 2F 3-2: Strikes out looking
|
|
Batting: LHB Glenn Arnett
|
0-0: Ball 1-0: Fly out, F8 (Flyball, 8LD, EV 90.0 MPH)
|
|
Batting: LHB Raymond Rivas
|
0-0: Ball 1-0: Ball 2-0: Ball 3-0: Base on Balls
|
|
Batting: LHB Bobby V Mitchell
|
0-0: Ball 1-0: Called Strike 1-1: Foul Ball, location: 2F 1-2: Ball 2-2: Strikes out swinging, 2-3 out at first.
|
| Bottom of the 7th over - 0 runs, 0 hits, 0 errors, 1 left on base; Portland 6 - Phoenix 0 |
| TOP OF THE 8TH |
|
Portland Beavers batting - Pitching for Phoenix Giants : RHP Pete Ladd
|
|
Pitching: RHP Terry Cornutt
|
|
|
Batting: RHB Glenn Davis
|
0-0: Foul Ball, location: 2F 0-1: Ball 1-1: Ball 2-1: Foul Ball, location: 2F 2-2: SINGLE (Flyball, 89S, EV 93.1 MPH)
|
|
Batting: LHB Harold Baines
|
0-0: Foul Ball, location: 2F 0-1: Swinging Strike 0-2: Strikes out looking
|
|
Batting: RHB Martinho Varandas
|
0-0: Fly out, F6 (Popup, 4MD, EV 56.9 MPH)
|
|
Batting: RHB Skeeter Barnes
|
0-0: Called Strike 0-1: Ball 1-1: Swinging Strike 1-2: Foul Ball, location: 2F 1-2: Strikes out swinging
|
| Top of the 8th over - 0 runs, 1 hit, 0 errors, 1 left on base; Portland 6 - Phoenix 0 |
| BOTTOM OF THE 8TH |
|
Phoenix Giants batting - Pitching for Portland Beavers : RHP Roy Smith
|
|
Batting: LHB Ernie Riles
|
0-0: Called Strike 0-1: Foul Ball, location: 2F 0-2: Fly out, F9 (Flyball, 89S, EV 83.8 MPH)
|
|
Batting: SHB John Macauley
|
0-0: Called Strike 0-1: Ball 1-1: SINGLE (Line Drive, 56D, EV 95.0 MPH)
|
|
Batting: RHB Paul Zuvella
|
0-0: Called Strike 0-1: Ball 1-1: Foul Ball, location: 2F 1-2: Ball 2-2: Fielders Choice at 2nd, 6-4 (Groundball, 6MD, EV 102.5 MPH)
|
|
Pitching: RHP Nate Snell
|
|
|
Batting: LHB Joseph Bruno
|
0-0: Called Strike 0-1: Ball 1-1: Fly out, F8 (Flyball, 8RM, EV 71.3 MPH)
|
| Bottom of the 8th over - 0 runs, 1 hit, 0 errors, 1 left on base; Portland 6 - Phoenix 0 |
| TOP OF THE 9TH |
|
Portland Beavers batting - Pitching for Phoenix Giants : RHP Terry Cornutt
|
|
Batting: RHB Pepe Mangual
|
0-0: Called Strike 0-1: Fly out, F5 (Line Drive, 5, EV 63.1 MPH)
|
|
Batting: RHB Kevin Buckley
|
0-0: Ball 1-0: Foul Ball, location: 2F 1-1: Ball 2-1: Ball 3-1: Foul Ball, location: 2F 3-2: Foul Ball, location: 2F 3-2: Fly out, F9 (Line Drive, 9, EV 90.6 MPH)
|
|
Batting: RHB Fred Manrique
|
0-0: Called Strike 0-1: Foul Ball, location: 2F 0-2: Ball 1-2: Strikes out swinging
|
| Top of the 9th over - 0 runs, 0 hits, 0 errors, 0 left on base; Portland 6 - Phoenix 0 |
| BOTTOM OF THE 9TH |
|
Phoenix Giants batting - Pitching for Portland Beavers : RHP Nate Snell
|
|
Batting: RHB Adam Veldman
|
0-0: Called Strike 0-1: Swinging Strike 0-2: Foul Ball, location: 2F 0-2: Strikes out swinging
|
|
Batting: SHB Razor Shines
|
0-0: Called Strike 0-1: Ball 1-1: Ball 2-1: Reached on error, E4 (Groundball, 4M, EV 76.9 MPH)
|
|
Batting: LHB Glenn Arnett
|
0-0: Ball Passed Ball! Razor Shines to second 1-0: Foul Ball, location: 2F 1-1: Fly out, F8 (Line Drive, 8LM, EV 102.5 MPH)
|
|
Batting: LHB Raymond Rivas
|
0-0: Ball 1-0: Foul Ball, location: 2F 1-1: Ball 2-1: Foul Ball, location: 2F 2-2: Ground out 4-3 (Groundball, 34D, EV 101.9 MPH)
|
| Bottom of the 9th over - 0 runs, 0 hits, 1 error, 1 left on base; Portland 6 - Phoenix 0 |
 |
|
Thursday, July 23rd, 2020 - OOTP Baseball 21.5 Build 71
|
|